 Dungeon Crawl Stone Soup version 0.29-a0-483-g69413ace17 (webtiles) character file.

Game seed: 4936525372196258415

5 porpoise the Sneak (level 1, -1/15 HPs)
             Began as a Barachi Wanderer on May 26, 2022.
             Slain by a goblin
             ... wielding a +0 club
              (2 damage)
             ... on level 1 of the Dungeon.
             The game lasted 00:02:55 (325 turns).

porpoise the Sneak (Barachi Wanderer)                Turns: 325, Time: 00:02:56

Health: -1/15      AC:  3    Str: 11    XL:     1   Next: 80%
Magic:  0/2        EV: 11    Int: 16    God:
Gold:   34         SH:  0    Dex:  9    Spells: 1/2 levels left

rFire   . . .      SeeInvis .   a - +0 club
rCold   . . .      Faith    .   (no shield)
rNeg    . . .      Spirit   .   c - +0 robe
rPois   .          Reflect  .   (no helmet)
rElec   .          Harm     .   (no cloak)
rCorr   .          Rampage  .   (no gloves)
Will    .....                   d - +0 pair of boots
Stlth   ++........              (no amulet)
HPRegen 0.05/turn               (no ring)
MPRegen 0.08/turn               (no ring)

@: slow
A: amphibious, slowness 1, strong legs 1, +LOS
a: Hop


You were on level 1 of the Dungeon.
You visited 1 branch of the dungeon, and saw 1 of its levels.

You collected 34 gold pieces.

Inventory:

Hand Weapons
 a - a +0 club (weapon)
Armour
 c - a +0 robe (worn)
 d - a +0 pair of boots (worn)
 i - a +0 leather armour
Scrolls
 e - a scroll of magic mapping {unknown}
 g - a scroll of enchant weapon {unknown}
 h - a scroll of vulnerability {unknown}
 j - a scroll of identify {unknown}
 k - a scroll of fear {unknown}
 l - a scroll of teleportation {unknown}
 n - a scroll of blinking {unknown}
Potions
 b - a potion of curing
 f - a potion of berserk rage {unknown}
 m - a potion of might {unknown}


   Skills:
 * Level 1.6 Fighting
 - Level 4.5 Stealth
 - Level 1.1 Spellcasting
 - Level 1.2 Summonings
 - Level 2.1 Translocations
 - Level 1.1 Evocations


You had one spell level left.
You knew the following spells:

 Your Spells              Type           Power      Damage    Failure   Level
m - Summon Small Mammal   Summ           16%        N/A       14%         1

Your spell library contained the following spells:

 Spells                   Type           Power      Damage    Failure   Level
 Apportation              Tloc           14%        N/A       10%         1
 Blink                    Tloc           14%        N/A       14%         2
 Lesser Beckoning         Tloc           7%         N/A       28%         3
 Call Canine Familiar     Summ           4%         N/A       38%         3


Dungeon Overview and Level Annotations

Branches:
Dungeon (1/15)

Altars:


Innate Abilities, Weirdness & Mutations

You are amphibious.
You cover ground slowly.
You can hop short distances.
You have an extended range of vision and can be seen from far away.


Message History

Confirm with . or Enter, or press ? or * to list all spells.
The hobgoblin closely misses your bat.
Casting: Summon Small Mammal (safe; 14% risk of failure)
Confirm with . or Enter, or press ? or * to list all spells.
Your bat barely misses the hobgoblin.
You hit the hobgoblin but do no damage.
Your bat closely misses the hobgoblin.
A goblin comes into view. It is wielding a +0 club.
The hobgoblin hits you.
Your rat bites the hobgoblin but does no damage.
The hobgoblin closely misses you. x2; The goblin moves out of view.
You hit the hobgoblin but do no damage.
Your bat barely misses the hobgoblin.
Your bat hits the hobgoblin but does no damage.
Your rat bites the hobgoblin.
The hobgoblin closely misses you. The hobgoblin hits you.
You hit the hobgoblin.
You kill the hobgoblin!
Your bat hits the hobgoblin but does no damage.
Your rat barely misses the hobgoblin.
The hobgoblin completely misses you.
You closely miss the hobgoblin.
Your bat closely misses the hobgoblin.
Your rat closely misses the hobgoblin.
The hobgoblin hits you.
Your rat barely misses the hobgoblin.
The hobgoblin closely misses you.
You hit the goblin.
The goblin is heavily wounded.
Your bat hits the hobgoblin. Your bat misses the goblin.
Your rat bites the hobgoblin but does no damage.
The hobgoblin misses you. The goblin hits you with a +0 club.
* * * LOW HITPOINT WARNING * * *
You closely miss the goblin.
The goblin is heavily wounded.
Your bat hits the hobgoblin but does no damage.
Your rat bites the hobgoblin but does no damage.
The hobgoblin closely misses you. The goblin hits you with a +0 club.
* * * LOW HITPOINT WARNING * * *
Your bat hits the hobgoblin. You barely miss the goblin.
The goblin is heavily wounded.
Your bat hits the hobgoblin but does no damage.
Your rat barely misses the hobgoblin.
The hobgoblin barely misses you. The goblin hits you with a +0 club.
You die...

#.........# #.#
#..# #. #....######
#.# #. #.
#####....########.#
#.
...................
#####.
######.#.########.
...... #.....#
#####. #####.# ##
#.#### #.@g.#
#..g.....#
#.r$b....#
#.....>..#
#......#...
#..........
#......#.##
#......#.# #......#
#


You could see a hobgoblin (ally target), a goblin, a friendly bat (summoned) and
a friendly rat (summoned).

Vanquished Creatures
  A hobgoblin (D:1)
  A frilled lizard (D:1)
  A kobold (D:1)
  2 rats (D:1)
5 creatures vanquished.

Vanquished Creatures (collateral kills)
  A ball python (D:1)
  A rat (D:1)
2 creatures vanquished.

Grand Total: 7 creatures vanquished

Notes
Turn   | Place    | Note
-------+----------+-------------------------------------------
     0 | D:1      | porpoise the Barachi Wanderer began the quest for the Orb.
     0 | D:1      | porpoise set off with the following items: a +0 club, a
                  | potion of curing, a +0 robe, a +0 pair of boots; and the
                  | following spells available to memorise: Apportation, Summon
                  | Small Mammal, Blink, Lesser Beckoning, Call Canine Familiar
     0 | D:1      | Reached XP level 1. HP: 13/13 MP: 2/2
     2 | D:1      | Learned a level 1 spell: Summon Small Mammal
   136 | D:1      | Found a faded altar of an unknown god.
   189 | D:1      | Reached skill level 1 in Fighting
   325 | D:1      | Slain by a goblin

Illustrated notes

Levels and vault maps discovered:
D:1:      pf_arrival_petrified_forest, layout_rooms,
          shapermc_ecumenical_altar_totnotflames

Skill      XL: |  1 |
---------------+----+-----
Fighting       | 1 |  1.6
Stealth        | |  4.5
Spellcasting   | |  1.1
Summonings     | |  1.2
Translocations | |  2.1
Evocations     | |  1.1

Action                   || total
-------------------------++-------
Melee: Club              ||    16
 Cast: Summon Small Mamm ||     7
Armor: Robe              ||     2
Dodge: Dodged            ||    12

Table legend: (Time is in decaauts)
 A = Elapsed time spent in this place.
 B = Non-inter-level travel time spent in this place.
 C = Inter-level travel time spent in this place.
 D = Time resting spent in this place.
 E = Time spent auto-exploring this place.
 F = Levels seen in this place.
 G = Mean time per level.
                   A        B        C        D        E       F      G
               +--------+--------+--------+--------+--------+-----+--------+
         Total |    369 |    369 |      0 |     46 |    210 |   1 |  369.0 |
       Dungeon |    369 |    369 |      0 |     46 |    210 |   1 |  369.0 |
               +--------+--------+--------+--------+--------+-----+--------+

Top non-repeatable levels by time:
     D:1: 369 daAuts
